 Dungeon Crawl Stone Soup version 0.29.1-2-gbd0b4ee654 (webtiles) character file.

Game seed: 14631914049515862605

48 bullfish the Slasher (level 3, -6/29 HPs)
             Began as a Draconian Gladiator on Nov 16, 2022.
             Killed by divine providence
             ... invoked by an orc priest
              (12 damage)
             ... on level 2 of the Dungeon.
             The game lasted 00:02:50 (1636 turns).

bullfish the Slasher (Draconian Gladiator)          Turns: 1636, Time: 00:02:51

Health: -6/29      AC:  5    Str: 16    XL:     3   Next: 50%
Magic:  3/3        EV: 12    Int:  8    God:
Gold:   34         SH:  0    Dex: 14    Spells: 2/2 levels left

rFire   . . .      SeeInvis .   a - +0 long sword
rCold   . . .      Faith    .   (no shield)
rNeg    . . .      Spirit   .   (body armour unavailable)
rPois   .          Reflect  .   b - +0 hat
rElec   .          Harm     .   (no cloak)
rCorr   .          Rampage  .   (no gloves)
Will    .....                   (no boots)
Stlth   +.........              (no amulet)
HPRegen 0.09/turn               (no ring)
MPRegen 0.08/turn               (no ring)

@: no status effects
A: AC +5, unfitting armour, cold-blooded
a: no special abilities


You were on level 2 of the Dungeon.
You visited 1 branch of the dungeon, and saw 2 of its levels.

You collected 34 gold pieces.

Inventory:

Hand Weapons
 a - a +0 long sword (weapon)
Missiles
 c - 3 throwing nets (quivered)
 d - a javelin
 g - 2 boomerangs
Armour
 b - a +0 hat (worn)
 j - a scarf of harm
Jewellery
 f - a ring of fire
Scrolls
 e - 2 scrolls of noise {unknown}
 h - a scroll of identify {unknown}
 i - a scroll of fog {unknown}


   Skills:
 - Level 2.1 Fighting
 + Level 4.6 Long Blades
 - Level 1.7 Throwing
 - Level 2.6 Dodging


You had 2 spell levels left.
You didn't know any spells.
Your spell library contained the following spells:

 Spells                   Type           Power      Damage    Failure   Level
 Necrotise                Necr           0%         1d4       41%         1
 Vampiric Draining        Necr           0%         2d6       78%         3
 Fulminant Prism          Conj/Hex       0%         3d6       99%         4
 Iskenderun's Mystic Bla  Conj/Tloc      0%         2d3       99%         4
 Agony                    Necr           0%         N/A       100%        5
 Lee's Rapid Deconstruct  Erth           0%         3d5*      100%        5


Dungeon Overview and Level Annotations

Branches:
Dungeon (2/15)

Altars:


Innate Abilities, Weirdness & Mutations

Your plain brown scales are hard. (AC +5)
You cannot fit into any form of body armour.
You are cold-blooded and may be slowed by cold attacks.


Message History

You barely miss the frilled lizard.
Your tail-slap misses the frilled lizard.
The frilled lizard bites you.
You miss the frilled lizard. You tail-slap the frilled lizard.
You kill the frilled lizard!
No target in view!
An orc comes into view. It is wielding a +0 hand axe.
The orc shouts!
An orc comes into view. It is wielding a +0 flail.
You barely miss the orc. The orc hits you with a +0 hand axe. x2
You hit the orc.
Your tail-slap misses the orc.
The orc is heavily wounded.
The orc hits you but does no damage.
You slash the orc!
You kill the orc!
An orc priest comes into view. It is wielding a +0 hand axe.
The orc closely misses you.
The orc priest shouts!
You hit the orc.
The orc is almost dead.
The orc priest calls upon Beogh to heal the orc.
The orc's wounds heal themselves!
The orc hits you with a +0 flail!
You are too injured to fight recklessly!
You are too injured to fight recklessly!
You are too injured to fight recklessly!
You are too injured to fight recklessly!
The orc hits you with a +0 flail. The orc closely misses you.
You closely miss the orc. The orc hits you but does no damage.
You hit the orc.
The orc is heavily wounded.
The orc hits you with a +0 flail.
You barely miss the orc.
The orc is heavily wounded.
The orc hits you with a +0 flail.
* * * LOW HITPOINT WARNING * * *
The orc closely misses you.
The orc priest invokes the aid of Beogh against you.
Beogh smites you!
You die...

#####...## .
........#### #
##### #..........
. ......###.....#
# .............###
# #####.<.)......#
#############..#.#
...............#.#
#
...###########.#@#
..# ..)#
###.#o##..####
...# #....o.......
...# #.....##....#
...# #..รท).#
..#.##. ...#
#.....##..#....
####
#...........!..
#...##.#...###.
.............#


You could see an orc priest and an orc.

Vanquished Creatures
  An adder (D:2)
  A dart slug (D:1)
  An orc (D:2)
  A bat (D:1)
  4 endoplasms
  3 goblins
  4 hobgoblins
  3 jackals (D:1)
  6 kobolds (D:1)
  3 quokkas
  A ball python (D:2)
  A frilled lizard (D:2)
  3 rats
32 creatures vanquished.

Notes
Turn   | Place    | Note
-------+----------+-------------------------------------------
     0 | D:1      | bullfish the Draconian Gladiator began the quest for the
                  | Orb.
     0 | D:1      | Reached XP level 1. HP: 17/17 MP: 1/1
   220 | D:1      | Reached XP level 2. HP: 20/24 MP: 2/2
   640 | D:1      | Reached skill level 4 in Long Blades
   981 | D:1      | Reached XP level 3. HP: 18/29 MP: 3/3
  1636 | D:2      | Killed from afar by an orc priest

Illustrated notes

Levels and vault maps discovered:
D:1:      tarquinn_simple_flora_water_a, layout_basic
D:2:      minmay_evil_eye, layout_loops_ring

Skill      XL: |  1  2 |
---------------+-------+-----
Long Blades    | 4 |  4.6
Fighting       | |  2.1
Throwing       | |  1.7
Dodging        | |  2.6

Action                   || total
-------------------------++-------
Melee: Long sword        ||   101
       Tailslap          ||     7
       Punch             ||     1
 Stab: Distracted        ||     1
Armor: Skin              ||    27
Dodge: Dodged            ||    62
